 Dungeon Crawl Stone Soup version 0.26-a0-1021-gda264ca44c (webtiles) character file.

Game seed: 12501341201343045836

5 pablito the Skirmisher (level 1, -2/18 HPs)
             Began as a Demonspawn Wanderer on Dec 8, 2020.
             Slain by an adder (4 damage)
             ... on level 2 of the Dungeon.
             The game lasted 00:01:51 (839 turns).

pablito the Skirmisher (Demonspawn Wanderer)         Turns: 839, Time: 00:01:52

Health: -2/18      AC:  2    Str: 10    XL:     1   Next: 66%
Magic:  1/1        EV: 11    Int: 15    God:
Gold:   44         SH:  0    Dex: 12    Spells: 0/0 levels left

rFire    . . .     SeeInvis .   a - +2 quarterstaff
rCold    . . .     Faith    .   (shield currently unavailable)
rNeg     . . .     Spirit   .   d - +0 robe
rPois    .         Reflect  .   (no helmet)
rElec    .         Harm     .   (no cloak)
rCorr    .         Rampage  .   (no gloves)
Will     .....                  (no boots)
Stlth    ++........             (no amulet)
HPRegen  0.06/turn              (no ring)
MPRegen  0.07/turn              (no ring)

@: lethally poisoned (-2 -> -12)
A: no striking features
a: no special abilities


You were on level 2 of the Dungeon.
You visited 1 branch of the dungeon, and saw 2 of its levels.

You collected 44 gold pieces.

Inventory:

Hand Weapons
 a - a +2 quarterstaff (weapon)
 b - a +0 short sword
 e - a +0 dagger
Armour
 d - a +0 robe (worn)
Wands
 o - a wand of polymorph (10)
Scrolls
 f - a scroll of remove curse {unknown}
 h - a scroll of noise {unknown}
 i - a scroll of identify {unknown}
 j - a scroll of fog {unknown}
 l - a scroll of enchant weapon {unknown}
Potions
 c - a potion of lignification
 k - a potion of brilliance {unknown}
 m - a potion of degeneration {unknown}
 n - a potion of mutation {unknown}


   Skills:
 + Level 3.1 Fighting
 - Level 1.0(2.0) Polearms
 + Level 2.8(2.9) Staves
 - Level 1.7 Stealth
 + Level 0.4 Spellcasting
 - Level 1.0 Evocations


You couldn't memorise any spells.
You didn't know any spells.
Your spell library was empty.

Dungeon Overview and Level Annotations

Branches:
Dungeon (2/15)

Altars:


Message History

The adder is severely wounded.
The adder bites you.
You are poisoned.
The adder poisons you!
A goblin comes into view.
The adder barely misses you.
You hit the adder but do no damage.
The adder is severely wounded.
You feel sick. The adder barely misses you.
You miss the adder.
The adder is severely wounded.
You feel sick. The adder bites you.
* * * LOW HITPOINT WARNING * * *
You are more poisoned.
The adder poisons you!
A kobold comes into view. It is wielding a +0 whip.
The adder barely misses you.
It was a potion of cancellation.
You feel magically purged. The adder bites you.
You die...

#.....########..
###.#.....<.......
#.....#..####.....
#)####.####.##..
###.##.........#
##......#.##.#.##
#.?#.####.# #
....#..# #.#
.#####@## #.# #S#
...
#.....bF....#..
..S.S......####
##.........#
#.........#
#.K.......#
#..........
#(........##


You could see a bullfrog, an adder, a bat and a kobold (wandering).

Vanquished Creatures
  A bat (D:1)
  A frilled lizard (D:1)
  4 kobolds
6 creatures vanquished.

Notes
Turn   | Place    | Note
-------+----------+-------------------------------------------
     0 | D:1      | pablito the Demonspawn Wanderer began the quest for the
                  | Orb.
     0 | D:1      | pablito set off with the following items: a +2
                  | quarterstaff, a +0 short sword, a potion of lignification,
                  | a +0 robe, a +0 dagger
     0 | D:1      | Reached XP level 1. HP: 18/18 MP: 1/1
   830 | D:2      | Noticed a bullfrog
   839 | D:2      | Slain by an adder

Illustrated notes

Levels and vault maps discovered:
D:1:      matt_arrival_refuge, layout_loops_corners, chequers_garden,
          minmay_misc_feat_pillars
D:2:      layout_rooms, lemuel_crystal_altar

Action                   || total
-------------------------++-------
Melee: Quarterstaff      ||    17
  Use: Potion            ||     1
 Stab: Sleeping          ||     1
Armor: Robe              ||     6
Dodge: Dodged            ||    12

Table legend: (Time is in decaauts)
 A = Elapsed time spent in this place.
 B = Non-inter-level travel time spent in this place.
 C = Inter-level travel time spent in this place.
 D = Time resting spent in this place.
 E = Time spent auto-exploring this place.
 F = Levels seen in this place.
 G = Mean time per level.
                   A        B        C        D        E       F      G
               +--------+--------+--------+--------+--------+-----+--------+
         Total |    841 |    818 |     23 |      0 |    749 |   2 |  420.5 |
       Dungeon |    841 |    818 |     23 |      0 |    749 |   2 |  420.5 |
               +--------+--------+--------+--------+--------+-----+--------+

Top non-repeatable levels by time:
     D:1: 804 daAuts
     D:2: 36 daAuts
